 Dungeon Crawl Stone Soup version 0.28.0-45-g0d030f2227 (webtiles) character file.

Game seed: 17296008881310630879

166 Cykl0x the Covered (level 5, -2/32 HPs)
             Began as a Gargoyle Fighter on Apr 8, 2022.
             Slain by a gnoll
             ... wielding a +0 spear
              (5 damage)
             ... on level 3 of the Dungeon.
             The game lasted 00:03:30 (2247 turns).

Cykl0x the Covered (Gargoyle Fighter)               Turns: 2247, Time: 00:03:31

Health: -2/32      AC:  9    Str: 19 (20) XL:     5   Next: 47%
Magic:  5/5        EV: 10    Int: 15 (16) God:
Gold:   50         SH:  4    Dex:  6 (9)  Spells: 4/4 levels left

rFire   + . .      SeeInvis .   a - +0 flail
rCold   + . .      Faith    .   c - +0 buckler
rNeg    + . .      Spirit   .   f - +0 ring mail
rPois   ∞          Reflect  .   (no helmet)
rElec   +          Harm     .   (no cloak)
rCorr   +          Rampage  .   (no gloves)
Will    .....                   (no boots)
Stlth   ..........              (no amulet)
HPRegen 0.10/turn               g - +6 ring of intelligence
MPRegen 0.09/turn               (no ring)

@: resistant
A: sickness immunity, AC +4, negative energy resistance 1, electricity
resistance, torment resistance 1, petrification resistance
a: no special abilities


You were on level 3 of the Dungeon.
You visited 1 branch of the dungeon, and saw 3 of its levels.

You collected 50 gold pieces.

Inventory:

Hand Weapons
 a - a +0 flail (weapon)
Missiles
 h - 3 poisoned darts
 l - an atropa-tipped dart (quivered)
Armour
 b - a +0 scale mail
 c - a +0 buckler (worn)
 f - a +0 ring mail (worn)
Jewellery
 g - a +6 ring of intelligence (left hand)
Potions
 d - a potion of might
 e - a potion of flight


   Skills:
 + Level 3.6 Fighting
 + Level 3.1 Maces & Flails
 + Level 1.0 Throwing
 + Level 4.3 Armour
 * Level 1.7 Dodging
 + Level 0.1 Stealth
 + Level 3.7 Shields


You had 4 spell levels left.
You didn't know any spells.
Your spell library was empty.

Dungeon Overview and Level Annotations

Branches:
Dungeon (3/15)

Altars:


Innate Abilities, Weirdness & Mutations

You are immune to sickness and miasma.
Your stone body is resilient. (AC +4)
You are immune to poison.
You resist negative energy. (rN+)
You are resistant to electric shocks. (rElec)
You are resistant to unholy torment.
You are immune to petrification.


Message History

You hit the orc.
You kill the orc!
Items here: ) [ ††††.
A jackal comes into view.
Throw: 3 darts (atropa)
Press: ? - help, Q - select action, (/) - cycle Shift-Dir - straight line, f - gnoll
Aim: a gnoll, wielding a +0 whip (58% to hit, chance to blind on hit: 100%)
You throw an atropa-tipped dart. The atropa-tipped dart hits the gnoll.
The gnoll appears confused.
The jackal barks!
You hear a shout! x3
The gnoll seems less confused.
Throw: 2 darts (atropa)
Press: ? - help, Q - select action, (/) - cycle Shift-Dir - straight line, f/p - gnoll
Aim: a gnoll, wielding a +0 whip (58% to hit, chance to blind on hit: 100%)
You throw an atropa-tipped dart. The atropa-tipped dart hits the gnoll.
The gnoll appears confused.
Unknown command.
The gnoll seems less confused.
The gnoll closely misses you.
The gnoll is no longer blind.
The jackal misses you.
A goblin comes into view. It is wielding a +0 dagger.
The goblin shouts!
The jackal bites you.
* * * LOW HITPOINT WARNING * * *
The goblin hits you but does no damage.
The jackal bites you but does no damage.
The jackal bites you but does no damage.
It was a potion of degeneration.
There was something very wrong with that liquid.
You feel weakened.
You feel dopey.
You feel clumsy. The jackal barely misses you. The goblin misses you.
You block the jackal's attack.
It was a potion of magic.
Magic courses through your body. The goblin hits you but does no damage.
The jackal barely misses you.
It was a potion of resistance.
You feel protected. The jackal barely misses you. The goblin barely misses you.
The gnoll hits you from afar with a +0 spear.
You die...

#. #......#
#.#######......#
##..............#
...#...........#
##.#...........#
#..............#
#.....###.....h###
#............gg@.#
##.....##########.#
.(....## g#
########### .#
gh<...(.... ..
###........ .#


hh......... .. ≈≈≈≈≈≈≈≈≈≈. ≈≈ ≈≈≈≈≈≈o≈≈≈. You could see 2 gnolls, a jackal and a
goblin.

Vanquished Creatures
  3 hounds (D:3)
  A gnoll (D:3)
  2 adders (D:2)
  A dart slug (D:1)
  An orc (D:3)
  4 ball pythons
  3 bats
  An endoplasm (D:1)
  2 giant cockroaches
  7 goblins
  3 hobgoblins
  7 jackals (D:3)
  A quokka (D:1)
  3 frilled lizards
  4 kobolds
  7 rats
50 creatures vanquished.

Vanquished Creatures (others)
  A worm (D:2)
  4 plants (D:3)
5 creatures vanquished.

Grand Total: 55 creatures vanquished

Notes
Turn   | Place    | Note
-------+----------+-------------------------------------------
     0 | D:1      | Cykl0x the Gargoyle Fighter began the quest for the Orb.
     0 | D:1      | Reached XP level 1. HP: 14/14 MP: 1/1
   109 | D:1      | Reached XP level 2. HP: 10/19 MP: 2/2
   683 | D:1      | Reached XP level 3. HP: 23/23 MP: 3/3
  1790 | D:3      | Reached skill level 4 in Armour
  1790 | D:3      | Reached XP level 4. HP: 21/28 MP: 4/4
  1797 | D:3      | Reached skill level 1 in Dodging
  2079 | D:3      | Reached skill level 1 in Throwing
  2084 | D:3      | Reached XP level 5. HP: 3/32 MP: 5/5
  2088 | D:3      | HP: 1/32 [jackal (1)]
  2247 | D:3      | Slain by a gnoll

Illustrated notes

Levels and vault maps discovered:
D:1:      nicolae_arrival_memento_mori, layout_basic, st_stairs_4
D:2:      layout_loops_ring, minmay_misc_feat_tiny, lemuel_flame_loot_1
D:3:      lemuel_castle_with_subvaults [lemuel_castle_interior_carwin_1],
          layout_basic, serial_shops, nicolae_square_shop, shop, minmay_cupped,
          uniq_jessica, uniq_ijyb, uniq_natasha, uniq_grinder

Skill      XL: |  1  2  3  4 |
---------------+-------------+-----
Armour         | 4 |  4.3
Dodging        | 1 |  1.7
Throwing       | 1 |  1.0
Maces & Flails | 3 |  3.1
Fighting       | |  3.6
Stealth        | |  0.1
Shields        | |  3.7

Action                   |  1- 3 |  4- 6 || total
-------------------------+-------+-------++-------
Melee: Flail             |   123 |    65 ||   188
Throw: Dart              |    20 |     8 ||    28
  Use: Scroll            |     1 |       ||     1
       Potion            |       |     5 ||     5
Armor: Scale mail        |    18 |       ||    18
       Ring mail         |    44 |    55 ||    99
Dodge: Dodged            |    73 |    66 ||   139
Block: Buckler           |    24 |    24 ||    48
